 Dungeon Crawl Stone Soup version 0.15.2 (webtiles) character file.

708 RottenBandages the Insei (level 7, -2/55 HPs)
             Began as a Mummy Monk on Oct 31, 2015.
             Killed from afar by an orc wizard (6 damage)
             ... with a magic dart
             ... on Level 5 of the Dungeon on Nov 1, 2015.
             The game lasted 00:06:23 (3806 turns).

RottenBandages the Insei (Mummy Monk)               Turns: 3806, Time: 00:06:23

HP  -2/55        AC  9     Str 14      XL: 7   Next: 40%
MP   7/7         EV 13     Int  9      God:
Gold 268         SH  0     Dex 16      Spells:  0 memorised,  6 levels left

rFire  x . .     SeeInvis .       - Unarmed
rCold  + . .     Clarity  .     k - +0 leather armour
rNeg   + + +     rCorr    .     (no shield)
rPois  +         rRot     +     e - +0 helmet
rElec  .         Spirit   .     l - +1 cloak {rPois}
SustAb .         Warding  .     c - +1 pair of gloves
rMut   .         Stasis   .     i - +0 pair of boots
Gourm  .                        (no amulet)
MR     .....                    p - ring of regeneration
                                d - +1 ring of evasion

@: not resistant to hostile enchantments, unstealthy
A: no food or potions, fire vulnerability, restore body, cold resistance 1,
negative energy resistance 3, poison resistance, torment resistance, unbreathing
a: no special abilities


You were on level 5 of the Dungeon.
You were not hungry.

You visited 1 branch of the dungeon, and saw 5 of its levels.

You collected 268 gold pieces.


Innate Abilities, Weirdness & Mutations

You do not eat or drink.
Your flesh is vulnerable to fire.
Your flesh is cold resistant.
You are immune to negative energy.
Your system is resistant to poisons.
You are immune to unholy pain and torment.
You can survive without breathing.


   Skills:
 + Level 4.5 Fighting
 - Level 2.4 Dodging
 - Level 1.5 Stealth
 - Level 7.0 Unarmed Combat


You had 6 spell levels left.
You didn't know any spells.

Inventory:

Missiles
 t - 21 poisoned needles
Armour
 c - a +1 pair of gloves (worn)
 e - a +0 helmet (worn)
 i - a +0 pair of boots (worn)
 j - a +0 large shield
 k - a +0 leather armour (worn)
 l - a +1 cloak of poison resistance (worn)
 r - a +0 ring mail
Scrolls
 a - a scroll of random uselessness {unknown}
 b - a scroll of fog {unknown}
 f - 4 scrolls of amnesia
 g - 2 scrolls of blinking
 h - 2 scrolls of remove curse
 m - a scroll of fear
 n - 3 scrolls of recharging
 o - a scroll of immolation {!r}
 q - a scroll of teleportation {@r4}
 v - a scroll of identify {@r1}
Jewellery
 d - a +1 ring of evasion (left hand)
 p - a ring of regeneration (right hand)
 s - an uncursed ring of protection from cold
 u - an uncursed ring of protection from cold

Dungeon Overview and Level Annotations

Branches:
Dungeon (5/15)
 Temple: D:4-7

Altars:
Ashenzari
Kikubaaqudgha
Okawaru
Sif Muna

# ### ####### ..# #...#..
#.# ###.#.#.####### .# #.#
#.....#.....))##..# #.##
#.#.###......(....# ...#
#.#........o.o#......
##.#####.######...o..#....#
..............%.M....'....+
...####.######.##.#.##....
.#..# #.# ###....#.# ....
.#..# #.#
#...####.#############
##..###.## #...#
#...........##. ..%......#
#...# #.%........##..
###......# #...#
#..........#... #.....[#
#...# #.......####...
#......#
#...####.......#.....≈


You could see an orc priest, an orc wizard and an orc.


Message History

The magic dart hits you!
* * * LOW HITPOINT WARNING * * *
The orc hits you but does no damage.
You hit the orc.
You kill the orc!
The orc hits you with a glowing war axe.
* * * LOW HITPOINT WARNING * * *
You are electrocuted!
* * * LOW HITPOINT WARNING * * *
You are too injured to fight recklessly!
You are too injured to fight recklessly!
You are too injured to fight recklessly!
You are too injured to fight recklessly!
You are too injured to fight recklessly!
You are too injured to fight recklessly!
You are too injured to fight recklessly!
You are too injured to fight recklessly!
You are too injured to fight recklessly!
Unknown command.
The orc wizard hits you but does no damage.
The orc priest calls down the wrath of Beogh upon you.
Something smites you!
* * * LOW HITPOINT WARNING * * *
The orc wizard points at you and mumbles some strange words.
You easily resist.
The orc priest calls upon Beogh to heal the orc wizard.
The orc wizard is healed somewhat.
The orc wizard casts a spell at you. The magic dart hits you!
You die...

Action                   |  1- 3 |  4- 6 |  7- 9 || total
-------------------------+-------+-------+-------++-------
Melee: Unarmed           |   177 |   185 |    45 ||   407
  Use: Scroll            |       |     7 |     2 ||     9
 Stab: Sleeping          |     3 |     1 |       ||     4

Vault maps used:
D:1:      dpeg_arrival_boxorama, minmay_misc_feat_tiny,
          minmay_misc_feat_more_columns
D:2:      overflow_temple_1_default, uniq_terence
D:3:      grunt_temple_overflow_open, first_bread, uniq_jessica
D:5:      basic_altar, tgw_sif

Notes
Turn   | Place    | Note
--------------------------------------------------------------
     0 | D:1      | RottenBandages, the Mummy Monk, began the quest for the Orb.
     0 | D:1      | Reached XP level 1. HP: 18/18 MP: 1/1
   177 | D:1      | Reached XP level 2. HP: 20/24 MP: 2/2
   870 | D:2      | Noticed Terence
   899 | D:2      | Killed Terence
   899 | D:2      | Reached skill level 4 in Unarmed Combat
   899 | D:2      | Reached XP level 3. HP: 19/29 MP: 3/3
   929 | D:2      | Found an ancient bone altar of Kikubaaqudgha.
  1758 | D:3      | Reached XP level 4. HP: 27/35 MP: 4/4
  1856 | D:3      | Found a deep blue altar of Sif Muna.
  1857 | D:3      | Found a shattered altar of Ashenzari.
  1864 | D:3      | Found an iron altar of Okawaru.
  2147 | D:3      | Reached skill level 5 in Unarmed Combat
  2320 | D:3      | Noticed Jessica
  2326 | D:3      | Killed Jessica
  2326 | D:3      | Reached XP level 5. HP: 41/41 MP: 5/5
  2659 | D:4      | Noticed an ogre
  2954 | D:4      | Reached skill level 6 in Unarmed Combat
  3006 | D:3      | Killed an ogre
  3006 | D:3      | Reached XP level 6. HP: 43/47 MP: 6/6
  3360 | D:5      | Entered Level 5 of the Dungeon
  3456 | D:5      | Reached skill level 7 in Unarmed Combat
  3456 | D:5      | Reached XP level 7. HP: 40/52 MP: 7/7
  3597 | D:5      | Found a deep blue altar of Sif Muna.
  3623 | D:5      | Found a shattered altar of Ashenzari.
  3650 | D:5      | Reached skill level 4 in Fighting
  3804 | D:5      | HP: 3/55 [orc priest/divine providence (12)]
  3806 | D:5      | Killed from afar by an orc wizard

Vanquished Creatures
  A sky beast (D:5)
  A phantom (D:5)
  2 ogres
  A scorpion (D:4)
  A crimson imp (D:5)
  A hound (D:4)
  2 worker ants
  An orc wizard (D:3)
  Jessica (D:3)
  Terence (D:2)
  8 adders
  A shadow imp (D:5)
  A giant mite (D:3)
  A worm (D:3)
  5 giant geckos
  7 orcs
  9 bats
  9 goblins
  6 hobgoblins
  12 kobolds
  A ball python (D:1)
  A giant cockroach (D:1)
  2 goblin skeletons
  A hobgoblin skeleton (D:4)
  4 quokkas
  13 rats
93 creatures vanquished.
